AoeStats
← [KMNB] Bandeira

African Clearing

506632893Analyzed
3v3 RM · 19d ago on Sep 14, 2026· 43m 43s· 6 players
Game mode
Random Map
Map size
Normal (6 player)
Population
200
Speed
Normal
Resources
Standard
Victory
Conquest
Starting age
Dark Age
Ending age
Imperial Age
RankedLock teamsTeams togetherTeam positionsShared explorationLock speedFull tech treeHidden civsTurbo modeCheats
Victory
Defeat
🇮🇹 Goths · Italy
1974
+2
1954
+4
1895
+3
🇧🇷 Huns · Brazil
1551
-3
🇧🇷 Ethiopians · Brazil
1525
-3
🇧🇷 Magyars · Brazil
1519
-3
ITA | Padre Massimo dall'Aquila
7:07 Loom
12:03 Feudal Age
12:36 Double-Bit Axe
13:44 Horse Collar
18:14 Scale Barding Armor
18:25 Bloodlines
24:36 Castle Age
24:36 Light Cavalry
25:38 Chain Barding Armor
25:26 Husbandry
29:46 Bow Saw
31:29 Wheelbarrow
39:43 Gold Mining
39:44 Stone Mining
39:58 Heavy Plow
42:49 Hand Cart
45:47 Imperial Age
44:26 Gold Shaft Mining
43:51 Town Watch
Carnage
5:47 Loom
12:16 Feudal Age
13:11 Double-Bit Axe
14:08 Horse Collar
20:59 Castle Age
19:16 Gold Mining
20:49 Fletching
21:10 Bloodlines
21:39 Bodkin Arrow
22:24 Padded Archer Armor
22:34 Husbandry
27:02 Bow Saw
27:32 Wheelbarrow
27:41 Town Watch
28:37 Leather Archer Armor
31:26 Heavy Plow
33:05 Scale Barding Armor
35:39 Hand Cart
39:59 Imperial Age
37:41 Squires
37:27 Pikeman
37:27 Pikeman
38:19 Forging
38:09 Scale Mail Armor
38:45 Anarchy
40:14 Iron Casting
39:56 Chain Mail Armor
41:46 Chemistry
40:24 Heavy Cavalry Archer
42:05 Conscription
43:03 Blast Furnace
43:17 Elite Huskarl
ITA | Killer_Storm_
5:42 Loom
12:59 Feudal Age
16:38 Castle Age
14:46 Double-Bit Axe
15:37 Fletching
17:44 Bow Saw
17:36 Horse Collar
20:37 Bodkin Arrow
21:29 Husbandry
22:41 Bloodlines
23:53 Forging
23:36 Gold Mining
25:00 Ballistics
26:47 Wheelbarrow
27:08 Padded Archer Armor
28:00 Thumb Ring
29:22 Leather Archer Armor
31:15 Heavy Plow
31:37 Hand Cart
37:53 Imperial Age
34:45 Elite Skirmisher
36:26 Town Watch
38:36 Bracer
39:37 Chemistry
39:36 Ring Archer Armor
39:18 Heavy Cavalry Archer
41:28 Scale Barding Armor
41:33 Forging
44:07 Two-Man Saw
43:38 Crop Rotation
43:13 Town Patrol
43:25 Stone Mining
44:22 Paper Money
[KMNB] Galodoido
11:31 Feudal Age
10:27 Loom
14:32 Fletching
18:10 Double-Bit Axe
19:19 Padded Archer Armor
25:04 Castle Age
23:41 Gold Mining
24:06 Horse Collar
25:09 Crossbowman
25:45 Bodkin Arrow
27:21 Ballistics
27:23 Leather Archer Armor
34:38 Heavy Plow
34:49 Bow Saw
39:58 Wheelbarrow
40:01 Stone Mining
41:02 Elite Skirmisher
46:10 Imperial Age
[KMNB] Bandeira
5:09 Loom
12:04 Feudal Age
12:37 Double-Bit Axe
17:03 Scale Barding Armor
19:54 Horse Collar
21:52 Wheelbarrow
22:37 Bloodlines
25:27 Castle Age
26:54 Bow Saw
27:06 Heavy Plow
27:15 Husbandry
27:14 Gold Mining
29:12 Chain Barding Armor
38:19 Fletching
[KMNB] Dedão
2:58 Loom
13:35 Feudal Age
14:12 Double-Bit Axe
17:42 Castle Age
16:00 Fletching
17:11 Bloodlines
19:15 Bodkin Arrow
21:23 Wheelbarrow
22:05 Husbandry
24:12 Ballistics
27:17 Padded Archer Armor
31:39 Bow Saw
32:13 Leather Archer Armor
34:47 Town Watch
34:53 Horse Collar
36:36 Hand Cart
41:56 Imperial Age
41:08 Town Patrol
Connection lost

Rejoining the realm…

Still unreachable

The connection could not be restored.

Session expired

The server has moved on; the page needs a fresh start.